[Event "Delancey UK Schools 2019 U18"]
[Site "Daventry"]
[Date "2019.09.24"]
[Round "4.9"]
[White "Modi, Kishan Jagdish"]
[Black "Rathbone-Jones, Ifan"]
[Result "1-0"]
[ECO "C18"]
[WhiteElo "2004"]
[BlackElo "1879"]
[Annotator "NA"]
[PlyCount "57"]
[EventDate "2019.09.24"]
[EventCountry "GBR"]
[SourceTitle "playchess.com"]
[Source "ChessBase"]
[SourceQuality "1"]
[TimeControl "40/5400+30:1800+30"]

1. e4 e6 2. d4 d5 3. Nc3 Bb4 4. e5 c5 5. a3 Ba5 6. b4 cxb4 7. Nb5 bxa3+ 8. Bd2 Nc6 9. Nd6+ Kf8 10. Rxa3 Bc7 11. Nb5 Bd7 12. Qg4 a6 13. Nxc7 Qxc7 14. Rg3 g6 15. Bd3 h5 16. Qf4 Kg7 17. Nf3 Nce7 18. O-O Nf5 19. Bxf5 exf5 20. Nh4 Qxc2 21. Rc1 Qb2 22. Rc7 Qb1+ 23. Bc1 Be6 24. Nxg6 Nh6 25. Ne7+ Ng4 26. Qg5+ Kf8 27. Ng6+ Kg7 28. Nf4+ Kh7 29. Qg6# 1-0

[Event "Delancey UK Schools 2019 U18"]
[Site "Daventry"]
[Date "2019.09.24"]
[Round "4.10"]
[White "Stewart, Lilya"]
[Black "Stubbs, Oliver"]
[Result "1/2-1/2"]
[ECO "C07"]
[WhiteElo "1567"]
[BlackElo "1835"]
[Annotator "NA"]
[PlyCount "74"]
[EventDate "2019.09.24"]
[EventCountry "GBR"]
[SourceTitle "playchess.com"]
[Source "ChessBase"]
[SourceQuality "1"]
[TimeControl "40/5400+30:1800+30"]

1. e4 e6 2. d4 d5 3. Nd2 c5 4. exd5 Qxd5 5. Ngf3 cxd4 6. Bc4 Qd6 7. Nb3 Nc6 8. Nbxd4 Nxd4 9. Nxd4 a6 10. O-O Qc7 11. Be2 Nf6 12. c3 Bd6 13. g3 O-O 14. Bf3 e5 15. Nc2 Bf5 16. Ne3 Bg6 17. Re1 Rfe8 18. Qb3 e4 19. Bg2 Rad8 20. Nc4 Bc5 21. Bf4 Qc8 22. Ne5 Qe6 23. Nxg6 hxg6 24. Qxb7 Ng4 25. Rxe4 Bxf2+ 26. Kh1 Qf6 27. Rxe8+ Rxe8 28. Qf3 g5 29. Qxg4 gxf4 30. Qxf4 Qxf4 31. gxf4 Re2 32. Rb1 Be3 33. Bf1 Rf2 34. Bxa6 Bxf4 35. Kg1 Rc2 36. c4 Bxh2+ 37. Kf1 Be5 1/2-1/2

[Event "Delancey UK Schools 2019 U18"]
[Site "Daventry"]
[Date "2019.09.24"]
[Round "4.16"]
[White "Modhura, Urbi"]
[Black "Audhora, Purba"]
[Result "0-1"]
[ECO "C54"]
[WhiteElo "1451"]
[BlackElo "1168"]
[Annotator "NA"]
[PlyCount "74"]
[EventDate "2019.09.24"]
[EventCountry "GBR"]
[SourceTitle "playchess.com"]
[Source "ChessBase"]
[SourceQuality "1"]
[TimeControl "40/5400+30:1800+30"]

1. e4 e5 2. Nf3 Nc6 3. Bc4 Nf6 4. d3 Bc5 5. c3 d6 6. h3 O-O 7. O-O Be6 8. Bb3 d5 9. d4 dxe4 10. Nxe5 Nxe5 11. dxc5 Bxb3 12. Qxb3 Qe7 13. Bg5 h6 14. Be3 c6 15. Qc2 Rad8 16. b4 a6 17. Bd4 Rfe8 18. Nd2 Ng6 19. Rae1 Qd7 20. Nxe4 Nxe4 21. Rxe4 Rxe4 22. Qxe4 Qd5 23. Qxd5 Rxd5 24. Re1 Rd8 25. a3 Kf8 26. a4 Re8 27. Rxe8+ Kxe8 28. c4 Kd7 29. b5 cxb5 30. cxb5 axb5 31. axb5 f6 32. g3 Ne7 33. Kg2 Nd5 34. Kf3 g5 35. b6 Ke6 36. h4 gxh4 37. gxh4 Kd7 0-1

[Event "Delancey UK Schools 2019 U18"]
[Site "Daventry"]
[Date "2019.09.24"]
[Round "5.1"]
[White "Willow, Jonah B"]
[Black "Boswell, Jacob Connor"]
[Result "0-1"]
[ECO "C49"]
[WhiteElo "2327"]
[BlackElo "2000"]
[Annotator "NA"]
[PlyCount "124"]
[EventDate "2019.09.24"]
[EventCountry "GBR"]
[SourceTitle "playchess.com"]
[Source "ChessBase"]
[SourceQuality "1"]
[TimeControl "40/5400+30:1800+30"]

1. e4 e5 2. Nf3 Nc6 3. Nc3 Nf6 4. Bb5 Bb4 5. O-O O-O 6. d3 Bxc3 7. bxc3 d6 8. Bg5 Qe7 9. Re1 Nd8 10. d4 Ne6 11. Bc1 c5 12. Bd3 Rd8 13. d5 Nf8 14. Nd2 Bd7 15. a4 b6 16. Nc4 Rab8 17. g3 Ng6 18. Bf1 a6 19. Nd2 b5 20. axb5 axb5 21. c4 b4 22. Nb3 Ra8 23. Bb2 Ba4 24. Qd2 Ra7 25. Nc1 Rda8 26. Bg2 Bd7 27. Rxa7 Rxa7 28. c3 bxc3 29. Bxc3 Ra4 30. Bf1 Qd8 31. Qb2 Qc7 32. Bd3 Bc8 33. Ne2 Qb7 34. Qxb7 Bxb7 35. f4 Nd7 36. Bb2 Ba6 37. f5 Ngf8 38. Nc3 Rb4 39. Ra1 Rxb2 40. Rxa6 Rb3 41. Nb5 Rxd3 42. Nxd6 Rd2 43. Rc6 h5 44. Nb7 Rd4 45. Nxc5 Nxc5 46. Rxc5 Rxe4 47. Rc8 Rd4 48. Kf2 f6 49. Ke3 g6 50. Rc6 Kf7 51. Rc7+ Ke8 52. Rc8+ Ke7 53. Rc7+ Ke8 54. Rc8+ Kf7 55. Rc7+ Kg8 56. Rc6 Kg7 57. Rc7+ Kh6 58. Rc8 Nd7 59. Rc7 Nb6 60. Rc6 Nxc4+ 61. Kf3 Kg5 62. fxg6 Kxg6 0-1

[Event "Delancey UK Schools 2019 U18"]
[Site "Daventry"]
[Date "2019.09.24"]
[Round "5.2"]
[White "Golding, Alex"]
[Black "Munshi, Aditya"]
[Result "1/2-1/2"]
[ECO "B10"]
[WhiteElo "2306"]
[BlackElo "2183"]
[Annotator "NA"]
[PlyCount "106"]
[EventDate "2019.09.24"]
[EventCountry "GBR"]
[SourceTitle "playchess.com"]
[Source "ChessBase"]
[SourceQuality "1"]
[TimeControl "40/5400+30:1800+30"]

1. e4 c6 2. d3 d5 3. Nd2 e5 4. Ngf3 Bd6 5. c4 d4 6. c5 Bc7 7. Nc4 Qe7 8. b4 a5 9. Nxa5 Na6 10. Nb3 Nxb4 11. Bd2 Na6 12. Rc1 Be6 13. Qc2 Nf6 14. Ng5 Bd7 15. Be2 h6 16. Nf3 Be6 17. Na5 Rb8 18. Nc4 Nd7 19. O-O Qxc5 20. Qb2 Qe7 21. Ne1 O-O 22. g3 Qd8 23. f4 exf4 24. gxf4 f5 25. exf5 Bxf5 26. Nf3 b5 27. Nce5 Nxe5 28. Nxe5 Bxe5 29. fxe5 Qd5 30. Bf3 Qf7 31. Bg2 Rbc8 32. Qa3 Nc7 33. Rxc6 Ne6 34. Rxc8 Rxc8 35. Qb3 Qg6 36. Rf3 Rf8 37. Rg3 Qh5 38. Bf3 Qh4 39. Bd5 Qe7 40. Bb4 Qc7 41. Bxe6+ Kh8 42. Bxf8 Qc1+ 43. Kf2 Qd2+ 44. Kf1 Bxe6 45. Bxg7+ Kh7 46. Qxe6 Qd1+ 47. Kf2 Qd2+ 48. Kf3 Qe3+ 49. Kg4 Qg5+ 50. Kh3 Qh5+ 51. Kg2 Qe2+ 52. Kh3 Qh5+ 53. Kg2 Qe2+ 1/2-1/2

[Event "Delancey UK Schools 2019 U18"]
[Site "Daventry"]
[Date "2019.09.24"]
[Round "5.3"]
[White "Klingher, Dominic"]
[Black "Pollack, Oscar"]
[Result "1-0"]
[ECO "C00"]
[WhiteElo "2071"]
[BlackElo "2112"]
[Annotator "NA"]
[PlyCount "57"]
[EventDate "2019.09.24"]
[EventCountry "GBR"]
[SourceTitle "playchess.com"]
[Source "ChessBase"]
[SourceQuality "1"]
[TimeControl "40/5400+30:1800+30"]

1. e4 e6 2. d3 d5 3. Nd2 Nf6 4. Ngf3 b6 5. g3 Bb7 6. Bg2 dxe4 7. Ng5 Nc6 8. Ngxe4 Qd7 9. O-O O-O-O 10. a4 h5 11. h4 a5 12. Nc4 Nxe4 13. Bxe4 f6 14. Be3 Kb8 15. c3 f5 16. Bg2 e5 17. b4 f4 18. b5 Qxd3 19. bxc6 fxe3 20. Qxd3 exf2+ 21. Kh2 Rxd3 22. cxb7 Bd6 23. Nxd6 cxd6 24. Rxf2 d5 25. Rf7 g5 26. hxg5 h4 27. g6 Rxg3 28. g7 Rh7 29. g8=Q+ 1-0

[Event "Delancey UK Schools 2019 U18"]
[Site "Daventry"]
[Date "2019.09.24"]
[Round "5.4"]
[White "Modi, Shyam Jagdish"]
[Black "Grieve, Harry"]
[Result "0-1"]
[ECO "E06"]
[WhiteElo "2142"]
[BlackElo "2277"]
[Annotator "NA"]
[PlyCount "62"]
[EventDate "2019.09.24"]
[EventCountry "GBR"]
[SourceTitle "playchess.com"]
[Source "ChessBase"]
[SourceQuality "1"]
[TimeControl "40/5400+30:1800+30"]

1. d4 d5 2. c4 e6 3. Nf3 c6 4. Qb3 Nf6 5. g3 Be7 6. Bg2 O-O 7. O-O b6 8. Nc3 Bb7 9. Rd1 Nbd7 10. Bf4 Nh5 11. cxd5 Nxf4 12. gxf4 exd5 13. Qc2 Bd6 14. e3 Rc8 15. Qe2 Re8 16. Kh1 Bxf4 17. Bh3 Rc7 18. Qd3 Bd6 19. Rg1 Qf6 20. Qe2 Ba6 21. Qd1 Nf8 22. Bf1 Bc8 23. Bd3 Qh6 24. a4 Bh3 25. Bf1 Re6 26. Ne2 f5 27. Bxh3 Qxh3 28. Ng3 Rh6 29. Qf1 Qg4 30. Qg2 Ng6 31. Ne2 Qxf3 0-1

[Event "Delancey UK Schools 2019 U18"]
[Site "Daventry"]
[Date "2019.09.24"]
[Round "5.5"]
[White "Modi, Kishan Jagdish"]
[Black "Kalavannan, Koby"]
[Result "1/2-1/2"]
[ECO "B35"]
[WhiteElo "2004"]
[BlackElo "2324"]
[Annotator "NA"]
[PlyCount "39"]
[EventDate "2019.09.24"]
[EventCountry "GBR"]
[SourceTitle "playchess.com"]
[Source "ChessBase"]
[SourceQuality "1"]
[TimeControl "40/5400+30:1800+30"]

1. e4 c5 2. Nf3 Nc6 3. d4 cxd4 4. Nxd4 g6 5. Nc3 Bg7 6. Be3 Nf6 7. Bc4 O-O 8. Bb3 Re8 9. f3 e6 10. f4 Ng4 11. Qxg4 Nxd4 12. O-O-O Nxb3+ 13. axb3 Qa5 14. Kb1 d5 15. e5 Qb4 16. Qe2 Bd7 17. h4 b5 18. h5 Rec8 19. f5 gxf5 20. h6 1/2-1/2

[Event "Delancey UK Schools 2019 U18"]
[Site "Daventry"]
[Date "2019.09.24"]
[Round "5.6"]
[White "Carroll, Thomas"]
[Black "Isaksen, Peter A"]
[Result "0-1"]
[ECO "D33"]
[WhiteElo "2036"]
[BlackElo "1858"]
[Annotator "NA"]
[PlyCount "74"]
[EventDate "2019.09.24"]
[EventCountry "GBR"]
[SourceTitle "playchess.com"]
[Source "ChessBase"]
[SourceQuality "1"]
[TimeControl "40/5400+30:1800+30"]

1. d4 d5 2. c4 e6 3. Nc3 c5 4. cxd5 exd5 5. Nf3 Nc6 6. g3 c4 7. Bg2 Bb4 8. O-O Nge7 9. Bf4 Bf5 10. Rc1 O-O 11. Ne5 Nxe5 12. Bxe5 Qa5 13. a3 Bxc3 14. Rxc3 Rfd8 15. Bf4 b5 16. Bd2 Qb6 17. Be3 a5 18. f3 b4 19. axb4 axb4 20. Rc1 Ra2 21. Bf2 Rxb2 22. e4 Be6 23. f4 dxe4 24. d5 e3 25. Bxe3 Qxe3+ 26. Kh1 Rxg2 27. dxe6 Rxd1 28. Rcxd1 fxe6 29. Kxg2 Qe2+ 30. Kg1 Kf7 31. Rfe1 Qb2 32. Rd6 Nf5 33. Rdxe6 Qd4+ 34. Kf1 c3 35. R6e4 Qd3+ 36. Kg2 Qxe4+ 37. Rxe4 c2 0-1

[Event "Delancey UK Schools 2019 U18"]
[Site "Daventry"]
[Date "2019.09.24"]
[Round "5.7"]
[White "Jain, Gautam"]
[Black "Ye, Kevin"]
[Result "1-0"]
[ECO "C47"]
[WhiteElo "1900"]
[BlackElo "1758"]
[Annotator "NA"]
[PlyCount "121"]
[EventDate "2019.09.24"]
[EventCountry "GBR"]
[SourceTitle "playchess.com"]
[Source "ChessBase"]
[SourceQuality "1"]
[TimeControl "40/5400+30:1800+30"]

1. e4 e5 2. Nf3 Nc6 3. Nc3 Nf6 4. h3 a6 5. d3 h6 6. g4 Bb4 7. Bg2 d6 8. O-O Be6 9. Ne2 Qe7 10. c3 Ba5 11. Be3 d5 12. Ng3 O-O-O 13. Qa4 b5 14. Qc2 dxe4 15. dxe4 Rd7 16. a4 Bc4 17. axb5 axb5 18. b4 Bxf1 19. Bxf1 Bb6 20. Bxb6 cxb6 21. Bxb5 Ra7 22. Rd1 Qc7 23. Bxc6 Qxc6 24. Nxe5 Qe6 25. Nf3 Rd8 26. Nd4 Qc4 27. Qc1 Rc7 28. Qa3 Rb7 29. Re1 Rdd7 30. Qa8+ Rb8 31. Qc6+ Qxc6 32. Nxc6 Ra8 33. c4 Kc7 34. b5 Ra2 35. e5 Nh7 36. h4 Rc2 37. Ra1 Rdd2 38. Ne4 Ra2 39. Rc1 Re2 40. Nc3 Rxf2 41. Nxa2 Rxa2 42. Rf1 f6 43. e6 Re2 44. e7 f5 45. Rxf5 Nf6 46. g5 hxg5 47. hxg5 Ne8 48. Rf7 Kd7 49. Kf1 Re4 50. Kf2 g6 51. Kf3 Nd6 52. Rf8 Re6 53. Rd8+ Kc7 54. Rg8 Kd7 55. Rb8 Nxc4 56. Rd8+ Kc7 57. e8=Q Rxe8 58. Rxe8 Nd6 59. Re7+ Kc8 60. Nd4 Kd8 61. Rg7 1-0

[Event "Delancey UK Schools 2019 U18"]
[Site "Daventry"]
[Date "2019.09.24"]
[Round "5.8"]
[White "Golding, James"]
[Black "Stewart, Lilya"]
[Result "1-0"]
[ECO "D24"]
[WhiteElo "2075"]
[BlackElo "1567"]
[Annotator "NA"]
[PlyCount "51"]
[EventDate "2019.09.24"]
[EventCountry "GBR"]
[SourceTitle "playchess.com"]
[Source "ChessBase"]
[SourceQuality "1"]
[TimeControl "40/5400+30:1800+30"]

1. d4 d5 2. c4 dxc4 3. Nf3 Nf6 4. Nc3 a6 5. a4 Nc6 6. e4 Bg4 7. Be3 e6 8. Bxc4 Bb4 9. Qd3 Bxf3 10. gxf3 Ba5 11. O-O O-O 12. Kh1 Bb6 13. Rad1 Qe7 14. Rg1 g6 15. e5 Nh5 16. Ne4 Qb4 17. Nf6+ Nxf6 18. exf6 Rfd8 19. Bxe6 fxe6 20. Rxg6+ Kf7 21. Rg7+ Kf8 22. Qxh7 Ke8 23. Rg8+ Qf8 24. Rxf8+ Kxf8 25. Rg1 Ke8 26. Rg8# 1-0

[Event "Delancey UK Schools 2019 U18"]
[Site "Daventry"]
[Date "2019.09.24"]
[Round "5.9"]
[White "Brown, Tom"]
[Black "Nayak, Raghav"]
[Result "1-0"]
[ECO "D32"]
[WhiteElo "2005"]
[BlackElo "1914"]
[Annotator "NA"]
[PlyCount "38"]
[EventDate "2019.09.24"]
[EventCountry "GBR"]
[SourceTitle "playchess.com"]
[Source "ChessBase"]
[SourceQuality "1"]
[TimeControl "40/5400+30:1800+30"]

1. d4 d5 2. c4 e6 3. Nc3 c5 4. cxd5 cxd4 5. Qa4+ Bd7 6. Qxd4 exd5 7. Qxd5 Nc6 8. Nf3 Nf6 9. Qd1 Bc5 10. e3 Qe7 11. a3 O-O-O 12. Qc2 Kb8 13. Be2 Rhg8 14. O-O g5 15. b4 g4 16. Nd2 Bd6 17. Nc4 Ne5 18. Nxd6 Qxd6 19. Rd1 Nf3+ {[%emt 0:10:00] Bb2} 1-0

[Event "Delancey UK Schools 2019 U18"]
[Site "Daventry"]
[Date "2019.09.24"]
[Round "5.10"]
[White "Guha, Chirag"]
[Black "Somton, Anita"]
[Result "1-0"]
[ECO "E14"]
[WhiteElo "1769"]
[BlackElo "1831"]
[Annotator "NA"]
[PlyCount "73"]
[EventDate "2019.09.24"]
[EventCountry "GBR"]
[SourceTitle "playchess.com"]
[Source "ChessBase"]
[SourceQuality "1"]
[TimeControl "40/5400+30:1800+30"]

1. d4 d5 2. c4 e6 3. Nf3 Nf6 4. e3 Be7 5. b3 O-O 6. Bb2 Nbd7 7. Bd3 b6 8. cxd5 exd5 9. O-O Bb7 10. Nc3 Re8 11. Rc1 Nf8 12. Ne5 a6 13. Ne2 c5 14. Nf4 Bd6 15. a4 cxd4 16. exd4 Qb8 17. Nh5 Nxh5 18. Qxh5 Bxe5 19. dxe5 Re6 20. h3 Qd8 21. f4 Rh6 22. Qf3 b5 23. Qe3 bxa4 24. bxa4 Ne6 25. f5 d4 26. Qg3 Ng5 27. f6 Ne6 28. Bf5 Qb6 29. Ba3 g6 30. Bd6 Bd5 31. Rb1 Qa7 32. Bd3 Qd7 33. Rb4 a5 34. Rb6 Nd8 35. Rfb1 Bb7 36. Be7 Bc8 37. Rd6 1-0

[Event "Delancey UK Schools 2019 U18"]
[Site "Daventry"]
[Date "2019.09.24"]
[Round "5.12"]
[White "Stoyanov, Viktor"]
[Black "Cocks, Elliot"]
[Result "1-0"]
[ECO "A30"]
[WhiteElo "2272"]
[BlackElo "1881"]
[Annotator "NA"]
[PlyCount "48"]
[EventDate "2019.09.24"]
[EventCountry "GBR"]
[SourceTitle "playchess.com"]
[Source "ChessBase"]
[SourceQuality "1"]
[TimeControl "40/5400+30:1800+30"]

1. Nf3 Nf6 2. c4 e6 3. e3 b6 4. b3 Bb7 5. Bb2 Be7 6. Nc3 O-O 7. Be2 c5 8. O-O d5 9. cxd5 Nxd5 10. Rc1 Nc6 11. Nxd5 Qxd5 12. Qc2 Rfd8 13. Rfd1 Nb4 14. Qb1 Nd3 15. Rc4 Nxb2 16. Qxb2 Bf6 17. d4 Rac8 18. Bf1 Qh5 19. Qe2 Ba6 20. dxc5 Rxd1 21. Qxd1 Bxc4 22. Bxc4 Qxc5 23. Qd7 Rd8 24. Qxa7 h6 1-0

[Event "Delancey UK Schools 2019 U18"]
[Site "Daventry"]
[Date "2019.09.24"]
[Round "6.1"]
[White "Boswell, Jacob Connor"]
[Black "Grieve, Harry"]
[Result "1-0"]
[ECO "A84"]
[WhiteElo "2000"]
[BlackElo "2277"]
[Annotator "NA"]
[PlyCount "87"]
[EventDate "2019.09.24"]
[EventCountry "GBR"]
[SourceTitle "playchess.com"]
[Source "ChessBase"]
[SourceQuality "1"]
[TimeControl "40/5400+30:1800+30"]

1. d4 d5 2. c4 e6 3. Nf3 c6 4. e3 Bd6 5. Bd3 f5 6. O-O Nf6 7. b3 Qe7 8. a4 a5 9. Ba3 Bxa3 10. Rxa3 Na6 11. Ne5 O-O 12. Ra2 Nb4 13. Rb2 b6 14. cxd5 Nfxd5 15. Qd2 Bb7 16. Nc3 Rac8 17. Nxd5 Nxd5 18. Bc4 Nb4 19. Qe2 c5 20. Rd2 Rfd8 21. Rfd1 cxd4 22. Rxd4 Rxd4 23. Rxd4 Bd5 24. Bxd5 Nxd5 25. g3 Qd6 26. Nc4 Qb4 27. e4 Nc3 28. Qd3 Nxe4 29. Rd8+ Rxd8 30. Qxd8+ Qf8 31. Qxb6 Qf6 32. Qxa5 Qd4 33. Qb6 Qd1+ 34. Kg2 Qd5 35. Ne3 Qd2 36. Qxe6+ Kf8 37. Qxf5+ Nf6 38. a5 Qd6 39. Qc8+ Ne8 40. a6 Kf7 41. a7 Nc7 42. Qb7 Kf6 43. Qxc7 Qxc7 44. Nd5+ 1-0

[Event "Delancey UK Schools 2019 U18"]
[Site "Daventry"]
[Date "2019.09.24"]
[Round "6.2"]
[White "Munshi, Aditya"]
[Black "Klingher, Dominic"]
[Result "0-1"]
[ECO "C06"]
[WhiteElo "2183"]
[BlackElo "2071"]
[Annotator "NA"]
[PlyCount "62"]
[EventDate "2019.09.24"]
[EventCountry "GBR"]
[SourceTitle "playchess.com"]
[Source "ChessBase"]
[SourceQuality "1"]
[TimeControl "40/5400+30:1800+30"]

1. e4 e6 2. d4 d5 3. Nd2 Nf6 4. e5 Nfd7 5. Bd3 c5 6. c3 Nc6 7. Ne2 cxd4 8. cxd4 f6 9. exf6 Nxf6 10. Nf3 Bd6 11. O-O Qc7 12. Nc3 a6 13. Bd2 O-O 14. Rc1 g6 15. Bh6 Re8 16. h3 Nh5 17. Re1 Bd7 18. Ne5 Bxe5 19. dxe5 Ng7 20. h4 Rf8 21. h5 Be8 22. hxg6 Bxg6 23. Bxg6 hxg6 24. Qg4 Qf7 25. Rc2 Qf5 26. Qxf5 Rxf5 27. f4 Nb4 28. Rd2 Rc8 29. a3 Nc6 30. Na4 Na5 31. b4 Nc4 0-1

[Event "Delancey UK Schools 2019 U18"]
[Site "Daventry"]
[Date "2019.09.24"]
[Round "6.3"]
[White "Kalavannan, Koby"]
[Black "Golding, Alex"]
[Result "1-0"]
[ECO "E60"]
[WhiteElo "2324"]
[BlackElo "2306"]
[Annotator "NA"]
[PlyCount "77"]
[EventDate "2019.09.24"]
[EventCountry "GBR"]
[SourceTitle "playchess.com"]
[Source "ChessBase"]
[SourceQuality "1"]
[TimeControl "40/5400+30:1800+30"]

1. Nf3 Nf6 2. e3 d6 3. d4 g6 4. b3 Bg7 5. Bb2 O-O 6. Be2 Nfd7 7. c4 Nc6 8. O-O e5 9. dxe5 Ndxe5 10. Nxe5 Bxe5 11. Nc3 f5 12. Bf3 Ne7 13. Qd2 Rb8 14. Rac1 Be6 15. Rfd1 g5 16. g3 g4 17. Bg2 Ng6 18. Nb5 Qe7 19. Ba3 Rfd8 20. Nd4 c5 21. Qc2 Qf7 22. Nxe6 Qxe6 23. Rd3 Rd7 24. Rcd1 Kg7 25. b4 a6 26. b5 axb5 27. cxb5 d5 {[%emt 0:02:43] bxc6 bxc6} 28. Rc1 {[%emt 0:00:00] Rb6 Bc5 Rb2 Qa4 Rdb7} Qa6 {[%emt 0:01:23] Qd7} 29. Rdd1 h5 30. Qa4 Bf6 {[%emt 0:02:21] Bd4 Bxd4 exd4 R7b6} 31. Rxc5 Qe6 32. Bf1 f4 33. Rc2 h4 34. Rb2 {[%emt 0:00:00] Rxb2 Qa3 Rb7} Qa6 {[%emt 0:04:37] Rf7 Qa3 fxg3 hxg3 Rf3} 35. Rd3 {[%emt 0:01:41] Qf6 Rxf3 gxf3 Qe3} hxg3 36. fxg3 {[%emt 0:00:22] Qf5 Bd3 f2+ Kg2 f1=Q+ Bxf1 Qc2+ Qf2 Qe4+ Kg1} Ne7 37. Bg2 {[%emt 0:01:25] Qb1+ Kh2 Qd3 Bh3 Qe4 a4 c5 Bg2 Qxd4 Qxd4+ cxd4 a5 d3 a6 d2 Bf3} Nc6 {[%emt 0:01:30] Kg2 Kf6} 38. Kf2 {[%emt 0:00:49] Ke5 Ke3 Kd6 Kxd2 Kc5 Kc3} Na7 {[%emt 0:01:44] g4 Nb5+ Kd3 Nc7 g5 Kb6 g6 Ne6 Ke3 Kxa6} 39. Bxd5 {[%emt 0:00:35] Ng7 Kf4 Kb6 Ke5 Kc7 Kf6 Ne8+ Ke7 Ng7 Be6} 1-0

[Event "Delancey UK Schools 2019 U18"]
[Site "Daventry"]
[Date "2019.09.24"]
[Round "6.4"]
[White "Isaksen, Peter A"]
[Black "Willow, Jonah B"]
[Result "0-1"]
[ECO "B22"]
[WhiteElo "1858"]
[BlackElo "2327"]
[Annotator "NA"]
[PlyCount "74"]
[EventDate "2019.09.24"]
[EventCountry "GBR"]
[SourceTitle "playchess.com"]
[Source "ChessBase"]
[SourceQuality "1"]
[TimeControl "40/5400+30:1800+30"]

1. e4 c5 2. c3 Nf6 3. e5 Nd5 4. d4 cxd4 5. Nf3 Nc6 6. cxd4 g6 7. Bc4 Nb6 8. Bb5 Bg7 9. O-O O-O 10. Nc3 d6 11. Bf4 Bg4 12. Be2 dxe5 13. dxe5 Qc8 14. Re1 Rd8 15. Qc1 Nb4 16. a3 Bxf3 17. axb4 Bxe2 18. Rxe2 Qf5 19. Bg3 a6 20. Qe1 Qd3 21. e6 f5 22. Bc7 Bxc3 23. bxc3 Nc4 24. Bxd8 Rxd8 25. h3 f4 26. Re4 f3 27. gxf3 Nd2 28. Qe3 Nxe4 29. fxe4 Qxe3 30. fxe3 Rd3 31. Kf2 Rxc3 32. Kf3 Rb3 33. Ra4 Kg7 34. e5 g5 35. h4 gxh4 36. b5 Rxb5 37. Rxh4 Rxe5 0-1

[Event "Delancey UK Schools 2019 U18"]
[Site "Daventry"]
[Date "2019.09.24"]
[Round "6.5"]
[White "Golding, James"]
[Black "Modi, Kishan Jagdish"]
[Result "1-0"]
[ECO "A65"]
[WhiteElo "2075"]
[BlackElo "2004"]
[Annotator "NA"]
[PlyCount "69"]
[EventDate "2019.09.24"]
[EventCountry "GBR"]
[SourceTitle "playchess.com"]
[Source "ChessBase"]
[SourceQuality "1"]
[TimeControl "40/5400+30:1800+30"]

1. d4 Nf6 2. c4 g6 3. Nc3 Bg7 4. e4 d6 5. f3 O-O 6. Be3 c5 7. d5 e6 8. Qd2 exd5 9. cxd5 a6 10. a4 Re8 11. Be2 Nbd7 12. Nh3 Ne5 13. Nf2 b6 14. O-O h5 15. Rab1 Rb8 16. b4 cxb4 17. Rxb4 Ned7 18. Nd3 Qc7 19. Rc1 Nc5 20. Nxc5 bxc5 21. Rxb8 Qxb8 22. Rb1 Qc7 23. Nd1 Bb7 24. Rb3 Rb8 25. Nb2 Nd7 26. Nc4 Ne5 27. Qa5 Qe7 28. Qb6 Nxc4 29. Bxc4 Kh7 30. Bxa6 Bxa6 31. Qxb8 Bc4 32. Rb1 Bxd5 33. a5 Ba2 34. Rc1 Be5 35. g3 1-0

[Event "Delancey UK Schools 2019 U18"]
[Site "Daventry"]
[Date "2019.09.24"]
[Round "6.6"]
[White "Brown, Tom"]
[Black "Modi, Shyam Jagdish"]
[Result "1/2-1/2"]
[ECO "B07"]
[WhiteElo "2005"]
[BlackElo "2142"]
[Annotator "NA"]
[PlyCount "121"]
[EventDate "2019.09.24"]
[EventCountry "GBR"]
[SourceTitle "playchess.com"]
[Source "ChessBase"]
[SourceQuality "1"]
[TimeControl "40/5400+30:1800+30"]

1. d4 Nf6 2. Nf3 g6 3. Nbd2 Bg7 4. e4 d6 5. Bd3 O-O 6. O-O Nc6 7. c3 e5 8. Re1 Nh5 9. Nb3 a5 10. a4 Nf4 11. Bf1 Qe8 12. h3 Kh8 13. Kh2 Ne7 14. g3 Ne6 15. Be3 f5 16. exf5 gxf5 17. dxe5 dxe5 18. Nc5 Ng6 19. Nxe6 Bxe6 20. Bc5 Rf7 21. Qe2 h6 22. h4 e4 23. Bd4 Bxd4 24. Nxd4 Ne5 25. Qh5 Kh7 26. Kg2 Rf8 27. Qxe8 Raxe8 28. f3 exf3+ 29. Nxf3 Bd5 30. Be2 f4 31. Rad1 Bc6 32. Bd3+ Nxd3 33. Rxe8 Rxe8 34. Rxd3 Re2+ 35. Kf1 Rxb2 36. gxf4 Bxa4 37. Ne5 b6 38. c4 Kg7 39. Rg3+ Kf6 40. Rg6+ Kf5 41. Rxh6 Rb1+ 42. Ke2 Kxf4 43. Nd3+ Ke4 44. Re6+ Kd4 45. Nf4 Kxc4 46. h5 Rh1 47. Re7 Bd1+ 48. Kd2 Bxh5 49. Rxc7+ Kb5 50. Rh7 Bf3 51. Re7 Rd1+ 52. Kc2 Rd4 53. Re5+ Kc6 54. Ne6 Re4 55. Nd4+ Kb7 56. Nxf3 Rxe5 57. Nxe5 Kc7 58. Kb3 Kd6 59. Nc4+ Kc5 60. Nxb6 Kxb6 61. Ka3 1/2-1/2

[Event "Delancey UK Schools 2019 U18"]
[Site "Daventry"]
[Date "2019.09.24"]
[Round "6.7"]
[White "Jain, Gautam"]
[Black "Stubbs, Oliver"]
[Result "1-0"]
[ECO "C07"]
[WhiteElo "1900"]
[BlackElo "1835"]
[Annotator "NA"]
[PlyCount "128"]
[EventDate "2019.09.24"]
[EventCountry "GBR"]
[SourceTitle "playchess.com"]
[Source "ChessBase"]
[SourceQuality "1"]
[TimeControl "40/5400+30:1800+30"]

1. e4 e6 2. d4 d5 3. Nd2 c5 4. exd5 Qxd5 5. Ngf3 cxd4 6. Bc4 Qd6 7. O-O Nf6 8. Nb3 Nc6 9. Nbxd4 Nxd4 10. Nxd4 a6 11. Be3 Qc7 12. Qe2 Bd6 13. h3 O-O 14. Bb3 Bd7 15. Bg5 Rac8 16. Rad1 Bh2+ 17. Kh1 Bf4 18. Bxf6 gxf6 19. Rfe1 Kh8 20. Qh5 f5 21. Qh4 Be5 22. Rxe5 Qxe5 23. Nf3 Qg7 24. Rxd7 Rg8 25. g3 Rce8 26. c3 b5 27. Kh2 h6 28. Qh5 Rgf8 29. Qh4 Rg8 30. Qd4 Qxd4 31. Nxd4 Rgf8 32. Ra7 Ra8 33. Rxa8 Rxa8 34. Kg2 Kg7 35. Kf3 Kf6 36. Ke3 Rd8 37. f4 Rg8 38. Kf3 Rc8 39. a3 Ke7 40. Bd1 Kd6 41. Ke3 Rg8 42. Kf2 Kc5 43. Be2 Kd6 44. Nf3 f6 45. Nd4 Rb8 46. Nc2 Kc5 47. g4 fxg4 48. hxg4 Rd8 49. Nd4 Rd6 50. Ke3 Rb6 51. Ke4 Rd6 52. Bd1 a5 53. Bb3 e5 54. fxe5 fxe5 55. Kxe5 Rg6 56. Ne6+ Kb6 57. Kf5 Rg8 58. Ba2 b4 59. cxb4 axb4 60. axb4 Ra8 61. Bc4 Ra4 62. b3 Ra1 63. Kg6 Rh1 64. b5 Kb7 1-0

[Event "Delancey UK Schools 2019 U18"]
[Site "Daventry"]
[Date "2019.09.24"]
[Round "6.8"]
[White "Stoyanov, Viktor"]
[Black "Guha, Chirag"]
[Result "1-0"]
[ECO "A13"]
[WhiteElo "2272"]
[BlackElo "1769"]
[Annotator "NA"]
[PlyCount "117"]
[EventDate "2019.09.24"]
[EventCountry "GBR"]
[SourceTitle "playchess.com"]
[Source "ChessBase"]
[SourceQuality "1"]
[TimeControl "40/5400+30:1800+30"]

1. Nf3 d5 2. e3 Nf6 3. c4 e6 4. b3 c5 5. Bb2 Nc6 6. cxd5 exd5 7. d4 cxd4 8. Nxd4 Bb4+ 9. Bc3 Bg4 10. Nxc6 bxc6 11. Qd4 Bxc3+ 12. Nxc3 O-O 13. h3 Bh5 14. Be2 c5 15. Qd2 d4 16. Bxh5 Nxh5 17. Na4 dxe3 18. Qxd8 exf2+ 19. Kxf2 Rfxd8 20. Rhd1 Rdc8 21. Rac1 Nf6 22. Kf3 g6 23. Nxc5 Kg7 24. Na6 h5 25. b4 Rxc1 26. Rxc1 Rd8 27. a4 Rd3+ 28. Ke2 Ra3 29. a5 Nd5 30. Rc4 g5 31. Kd2 Ra2+ 32. Rc2 Ra3 33. Rc5 Ra2+ 34. Kc1 Nf4 35. Rxg5+ Kf6 36. Rg3 Nxg2 37. Kb1 Rf2 38. b5 Re2 39. Rb3 Re6 40. b6 axb6 41. axb6 Nf4 42. b7 Rxa6 43. b8=Q Ne6 44. Rf3+ Kg7 45. Qe5+ Kf8 46. Qxh5 Rb6+ 47. Kc1 Rc6+ 48. Kd1 Rd6+ 49. Ke1 Rd7 50. Qh6+ Ke8 51. h4 Re7 52. Re3 Kd7 53. Qf6 Ke8 54. h5 Kf8 55. h6 Ke8 56. h7 Kd7 57. h8=Q Re8 58. Qxf7+ Re7 59. Qhe8+ {[%emt 0:00:22] Kc6} 1-0